 Dungeon Crawl Stone Soup version 0.19.5 (webtiles) character file.

2144 Peloso the Carver (level 9, 0/78 HPs)
             Began as a Minotaur Fighter on Apr 11, 2017.
             Killed by nerve-wracking pain
             ... invoked by a shadow imp
              (13 damage)
             ... on level 7 of the Dungeon.
             The game lasted 00:11:59 (5406 turns).

Peloso the Carver (Minotaur Fighter)                Turns: 5406, Time: 00:12:00

Health: 0/78       AC: 16    Str: 23    XL:     9   Next: 9%
Magic:  8/8        EV:  6    Int:  5    God:
Gold:   337        SH: 14    Dex: 11    Spells: 0 memorised, 8 levels left

rFire  . . .     SeeInvis .     J - -1 falchion (curse)
rCold  . . .     Gourm    .     j - +0 plate armour
rNeg   . . .     Faith    .     c - +0 shield
rPois  .         Spirit   .     (helmet restricted)
rElec  .         Reflect  +     L - +0 cloak (curse)
rCorr  .         Harm     .     (no gloves)
MR     .....                    e - +0 pair of boots
Stlth  ..........               D - +3 amulet of reflection
                                (no ring)
                                (no ring)

@: lethally poisoned (0 -> -2)
A: retaliatory headbutt, horns 2
a: no special abilities


You were on level 7 of the Dungeon.
You were near starving.

You visited 2 branches of the dungeon, and saw 8 of its levels.

You collected 337 gold pieces.

Inventory:

Hand Weapons
 a - a +1 long sword
 F - the +9 mace of Imovan {crush, rPois MR- Int+6}
   (You found it on level 6 of the Dungeon)

   It inflicts extra damage upon your enemies.
   It affects your intelligence (+6).
   It protects you from poison.
   It affects your resistance to hostile enchantments.
 J - a cursed -1 falchion (weapon)
 M - a cursed +3 dagger
 N - a cursed +0 whip
Armour
 c - a +0 shield (worn)
 e - a +0 pair of boots (worn)
 j - a +0 plate armour (worn)
 L - a cursed +0 cloak (worn)
Jewellery
 D - a +3 amulet of reflection (around neck)
Wands
 b - a wand of teleportation (1/9)
 r - a wand of digging (11/24)
Scrolls
 g - a scroll of enchant weapon
 k - 3 scrolls of blinking {unknown}
 n - 3 scrolls of teleportation {unknown}
 o - 7 scrolls of identify {unknown}
 q - 3 scrolls of amnesia {unknown}
 y - 3 scrolls of random uselessness {unknown}
 z - a scroll of fog {unknown}
 E - 2 scrolls of noise {unknown}
 G - a scroll of recharging {unknown}
 H - a scroll of fear {unknown}
 I - a scroll of magic mapping {unknown}
 K - a scroll of remove curse
Potions
 d - a potion of might
 h - 5 potions of heal wounds {unknown}
 i - 2 potions of mutation {unknown}
 m - 2 potions of invisibility {unknown}
 t - a potion of degeneration {unknown}
 v - a potion of flight {unknown}
 w - a potion of haste {unknown}
 x - 4 potions of brilliance {unknown}
 A - a potion of cure mutation {unknown}
 B - a potion of lignification {unknown}
 C - a potion of magic {unknown}
Comestibles
 f - 7 bread rations
 l - 10 slices of pizza
 p - 3 meat rations
 s - 11 fruits
 u - 5 beef jerkies


   Skills:
 + Level 6.6 Fighting
 + Level 8.6 Long Blades
 + Level 8.1 Armour
 + Level 1.8 Dodging
 + Level 0.5 Stealth
 + Level 7.9 Shields


You had 8 spell levels left.
You didn't know any spells.

Dungeon Overview and Level Annotations

Branches:
Dungeon (7/15)             Temple (1/1) D:6

Altars:
Ashenzari
Cheibriados
Elyvilon
Gozag
Hepliaklqana
Kikubaaqudgha
Makhleb
Qazlal
Ru
Sif Muna
Trog
Uskayaw
Yredelemnul
Zin


Innate Abilities, Weirdness & Mutations

You reflexively headbutt those who attack you in melee.
You have a pair of horns on your head.


Message History

A big kobold comes into view.
The big kobold shouts!
A kobold comes into view.
The kobold shouts!
A kobold comes into view.
The kobold shouts!
Found a stone staircase leading down.
A leopard gecko skeleton comes into view.
An adder comes into view.
You feel sick.
The adder hisses angrily.
The adder moves out of view.
You feel sick.
You feel sick.
You feel sick.
You feel sick.
You feel sick. The shadow imp gestures at you. Pain shoots through your body!
You die...

#.# #.# ### ## ##... ##.## #.###
.... #... #...# #####...##.....
#... #.#.### #...........#..
..... <[#...####.#####.###.#.#
.K..# #####......# #.# #.#.#
..>..# ..#...###### #.#
#.#.####...... #.#.#.# #.#
#.#.#.........
#...#.##########@###.#S#.........
#####...#..#..#....5KZ..K........
###.#..#..######.###......###
#.#..'..# #.# ####...# #.#..#..#
#.# ...# #.#..#..# #.. ..##
#)#'##### ### ## #....# #...##


You could see a shadow imp, a kobold and a leopard gecko skeleton.

Vanquished Creatures
  4 hogs (D:7)
  A human (D:7)
  Duvessa (D:6)
  An orc warrior (D:6)
  A phantom (D:6)
  A sky beast (D:6)
  3 centaurs
  A bullfrog (D:7)
  Blork the orc (D:6)
  A gnoll sergeant (D:7)
  Dowan (D:6)
  3 wights
  A howler monkey (D:7)
  A crimson imp (D:5)
  A hound (D:4)
  A centaur skeleton (D:4)
  2 iguanas
  3 worker ants
  A howler monkey zombie (D:6)
  5 gnolls (D:7)
  10 adders
  A shadow imp (D:7)
  An adder zombie (D:6)
  An adder skeleton (D:4)
  3 worms
  3 dart slugs
  3 leopard geckos
  5 orcs
  5 goblins
  8 hobgoblins
  7 jackals
  4 kobolds
  3 quokkas
  11 bats
  A quokka skeleton (D:6)
  3 rats
103 creatures vanquished.

Notes
Turn   | Place    | Note
-------+----------+-------------------------------------------
     0 | D:1      | Peloso the Minotaur Fighter began the quest for the Orb.
     0 | D:1      | Reached XP level 1. HP: 19/19 MP: 0/0
   269 | D:1      | Reached XP level 2. HP: 27/27 MP: 1/1
   527 | D:2      | Found a hide-covered altar of Uskayaw.
   554 | D:2      | Reached XP level 3. HP: 22/33 MP: 2/2
  1256 | D:3      | Reached XP level 4. HP: 37/40 MP: 3/3
  1758 | D:4      | Reached skill level 5 in Shields
  1781 | D:4      | Reached XP level 5. HP: 41/47 MP: 4/4
  2769 | D:5      | Entered Level 5 of the Dungeon
  2940 | D:5      | Reached skill level 1 in Dodging
  2940 | D:5      | Reached XP level 6. HP: 47/53 MP: 5/5
  3245 | D:5      | Reached skill level 5 in Armour
  3380 | D:5      | Reached skill level 5 in Long Blades
  3483 | D:6      | Got a twisted mace
  3484 | D:6      | Identified the +9 mace of Imovan {crush, rPois MR- Int+6} (You found it on level 6 of the Dungeon)
  3542 | D:6      | Noticed a sky beast
  3560 | D:6      | Killed a sky beast
  3560 | D:6      | Reached skill level 5 in Fighting
  3768 | D:6      | Found a sacrificial altar of Ru.
  3806 | D:6      | Noticed Duvessa
  3806 | D:6      | Noticed Dowan
  3813 | D:6      | Killed Duvessa
  3813 | D:6      | Reached XP level 7. HP: 59/61 MP: 6/6
  3822 | D:6      | Killed Dowan
  4001 | D:6      | Noticed Blork the orc
  4009 | D:6      | Killed Blork the orc
  4203 | D:6      | Found a staircase to the Ecumenical Temple.
  4374 | D:7      | Reached XP level 8. HP: 56/70 MP: 7/7
  4807 | Temple   | Entered the Ecumenical Temple
  5335 | D:7      | Reached XP level 9. HP: 61/78 MP: 8/8
  5406 | D:7      | Killed from afar by a shadow imp

Skill      XL: |  1  2  3  4  5  6  7  8 |
---------------+-------------------------+-----
Shields        | 4 5 6 7 |  7.9
Fighting       | 4 5 6 |  6.6
Armour         | 4 5 6 8 |  8.1
Long Blades    | 3 4 5 7 8 |  8.6
Dodging        | 1 |  1.8
Stealth        | |  0.5

Action                   |  1- 3 |  4- 6 |  7- 9 || total
-------------------------+-------+-------+-------++-------
Melee: Long sword        |    76 |   116 |    41 ||   233
       Headbutt          |    11 |    17 |    49 ||    77
       Falchion          |       |       |   151 ||   151
  Use: Scroll            |       |     2 |       ||     2
  Eat: Chunk             |     1 |     8 |     4 ||    13
Armor: Scale mail        |    51 |    17 |       ||    68
       Chain mail        |       |    26 |       ||    26
       Plate armour      |       |    15 |    61 ||    76
Dodge: Dodged            |    29 |    24 |    34 ||    87
Block: Shield            |    71 |    70 |   118 ||   259
       Reflection        |       |     1 |     4 ||     5
       Rpst.: Long sword |     7 |     7 |     3 ||    17
       Falchion          |       |       |     5 ||     5
